 Dungeon Crawl Stone Soup version 0.28-a0-1227-ga9037bb4c8 (webtiles) character file.

Game seed: 11000811526872325238

154 ChaosChampion the Insei (level 5, -11/33 HPs)
             Began as an Octopode Transmuter on Dec 22, 2021.
             Shot with a bolt by a kobold brigand (15 damage)
             ... in a sewer.
             The game lasted 00:03:33 (3057 turns).

ChaosChampion the Insei (Octopode Transmuter)       Turns: 3057, Time: 00:03:34

Health: -11/33     AC:  1    Str:  9    XL:     5   Next: 36%
Magic:  1/8        EV: 13    Int: 18    God:
Gold:   112        SH:  0    Dex: 12    Spells: 2/8 levels left

rFire   . . .      SeeInvis .     - Unarmed
rCold   . . .      Faith    .   (no shield)
rNeg    . . .      Spirit   .   (helmet restricted)
rPois   .          Reflect  .   (no amulet)
rElec   .          Harm     .   (no ring)
rCorr   .          Rampage  .   (no ring)
Will    .....                   (no ring)
Stlth   +++.......              (no ring)
HPRegen 0.11/turn               (no ring)
MPRegen 0.11/turn               (no ring)
                                (no ring)
                                (no ring)

@: wereblooded, very slightly contaminated
A: almost no armour, amphibious, 8 rings, camouflage 1, gelatinous body 1,
nimble swimmer 1, tentacles
a: no special abilities


You were in a sewer.
You visited 1 branch of the dungeon, and saw 3 of its levels.
You also visited: Sewer.

You collected 112 gold pieces.

Inventory:

Scrolls
 a - 2 scrolls of enchant armour {unknown}
 c - 2 scrolls of immolation {unknown}
 f - a scroll of summoning {unknown}
 h - 3 scrolls of identify {unknown}
 i - a scroll of teleportation {unknown}
Potions
 b - a potion of degeneration {unknown}
 d - a potion of haste {unknown}
 e - 2 potions of attraction {unknown}
 g - a potion of curing {unknown}


   Skills:
 - Level 1.0 Fighting
 - Level 2.0 Dodging
 * Level 5.1 Unarmed Combat
 - Level 2.0 Spellcasting
 + Level 3.4 Transmutations


You had 2 spell levels left.
You knew the following spells:

 Your Spells              Type           Power      Damage    Failure   Level
a - Beastly Appendage     Tmut           28%        N/A       4%          1
b - Wereblood             Tmut           14%        N/A       7%          2
c - Spider Form           Tmut/Pois      8%         N/A       26%         3

Your spell library contained the following spells:

 Spells                   Type           Power      Damage    Failure   Level
 Ice Form                 Ice/Tmut       8%         N/A       65%         4


Dungeon Overview and Level Annotations

Branches:
Dungeon (3/15)              Sewer (1/1)

Altars:

Annotations:
D:3 3 runed translucent doors


Innate Abilities, Weirdness & Mutations

You cannot wear most types of armour.
You are amphibious.
You can wear up to eight rings at the same time.
Your skin changes colour to match your surroundings (Stealth+).
Your rubbery body absorbs attacks. (AC +1, EV +1)
You are camouflaged when in or above water. (Stealth+)
You have tentacles for arms and can constrict up to eight enemies at once.


Message History

You turn into a venomous arachnid creature.
Casting: Spider Form (extremely dangerous; 47% risk of failure)
Confirm with . or Enter, or press ? or * to list all spells.
Your blood is infused with primal strength.
The jackal completely misses you.
The jackal splashes around in the water.
Your unstable footing causes you to fumble your attack.
Your transformation is almost over.
The jackal misses you.
The jackal splashes around in the water.
You hit the jackal.
The jackal is poisoned.
The jackal is heavily wounded.
The jackal pauses to sniff the water.
The jackal misses you.
You barely miss the jackal.
The jackal is heavily wounded.
The jackal splashes around in the water.
You hit the jackal.
You kill the jackal!
You hiss as the wereblood boils in your veins!
Your unstable footing causes you to fumble your attack.
The jackal closely misses you.
You bite the jackal!
You kill the jackal!
The kobold brigand unwields a +2 dagger of speed.
The kobold brigand wields a +0 hand crossbow.
The kobold brigand shoots a bolt.
The bolt hits you!
You see here a jackal corpse.
Your transformation has ended.
The kobold brigand shoots a bolt.
The bolt barely misses you.
You howl as the wereblood boils in your veins!
The kobold brigand shoots a bolt.
The bolt hits you!
* * * LOW HITPOINT WARNING * * *
Casting: Wereblood (safe; 7% risk of failure)
Confirm with . or Enter, or press ? or * to list all spells.
The spell is quite dangerous to miscast (26% risk of failure)!
Continue anyway?
You miscast Spider Form.
You are very lightly contaminated with residual magic.
Nothing appears to happen.
The kobold brigand shoots a bolt.
The bolt hits you!
You die...

#≈#
#≈#
#≈#
#≈#
#K#
#K#
#≈#
#≈#
#@#
#≈#
#†#
#≈#
#≈#
#≈#
#≈#
#≈#
#.#


You could see a kobold brigand and a kobold.

Vanquished Creatures
  An orc priest (D:3)
  A gnoll (D:1)
  A river rat (Sewer)
  5 adders
  3 worms
  3 orcs
  5 bats
  3 endoplasms
  3 giant cockroaches
  5 goblins
  3 hobgoblins
  2 jackals (Sewer)
  4 quokkas
  4 ball pythons
  A frilled lizard (D:2)
  4 kobolds
  5 rats
53 creatures vanquished.

Vanquished Creatures (others)
  2 plants (D:1)
2 creatures vanquished.

Grand Total: 55 creatures vanquished

Notes
Turn   | Place    | Note
-------+----------+-------------------------------------------
     0 | D:1      | ChaosChampion the Octopode Transmuter began the quest for
                  | the Orb.
     0 | D:1      | Reached XP level 1. HP: 13/13 MP: 3/3
   333 | D:1      | Reached XP level 2. HP: 18/18 MP: 3/5
   397 | D:1      | Found a faded altar of an unknown god.
   940 | D:1      | Reached XP level 3. HP: 17/23 MP: 6/6
  1421 | D:2      | Learned a level 2 spell: Wereblood
  1425 | D:2      | Learned a level 3 spell: Spider Form
  1646 | D:2      | Reached skill level 4 in Unarmed Combat
  1857 | D:2      | Reached XP level 4. HP: 28/28 MP: 0/7
  2487 | D:3      | Found a runed translucent gate.
  2487 | D:3      | Found a runed translucent gate.
  2487 | D:3      | Found a runed translucent gate.
  2704 | D:3      | Reached XP level 5. HP: 24/33 MP: 2/8
  2832 | D:3      | Found a glowing drain.
  2842 | D:3      | Reached skill level 5 in Unarmed Combat
  2867 | Sewer    | Entered a sewer
  3023 | Sewer    | Noticed a kobold brigand
  3057 | Sewer    | Shot with a bolt by a kobold brigand

Illustrated notes

Levels and vault maps discovered:
D:1:      ncdulo_watergridlock, layout_loops_cross,
          chequers_ecumenical_altar_twisty, serial_bayou_lake_a
D:2:      layout_basic, minmay_tall_x
D:3:      layout_basic, gammafunk_ghost_icy, cheibrodos_sewer_entry_bend,
          kennysheep_generic_room_11
Sewer:    sewer_kobolds

Skill      XL: |  1  2  3  4  5 |
---------------+----------------+-----
Unarmed Combat | 4 5 |  5.1
Transmutations | 3 |  3.4
Fighting       | |  1.0
Dodging        | |  2.0
Spellcasting   | |  2.0

Action                   |  1- 3 |  4- 6 || total
-------------------------+-------+-------++-------
Melee: Unarmed           |    84 |    52 ||   136
       Constrict         |    18 |     7 ||    25
       Tentacles         |     9 |     6 ||    15
       Kick              |     2 |       ||     2
       Punch             |     1 |       ||     1
 Cast: Beastly Appendage |     2 |       ||     2
       Spider Form       |     3 |     7 ||    10
       Wereblood         |     2 |     3 ||     5
 Stab: Sleeping          |     5 |     2 ||     7
Armor: Skin              |     5 |     1 ||     6
Dodge: Dodged            |    65 |    31 ||    96

Table legend: (Time is in decaauts)
 A = Elapsed time spent in this place.
 B = Non-inter-level travel time spent in this place.
 C = Inter-level travel time spent in this place.
 D = Time resting spent in this place.
 E = Time spent auto-exploring this place.
 F = Levels seen in this place.
 G = Mean time per level.
                   A        B        C        D        E       F      G
               +--------+--------+--------+--------+--------+-----+--------+
         Total |   3050 |   3019 |     31 |     14 |   2355 |   4 |  762.5 |
       Dungeon |   2859 |   2828 |     31 |     11 |   2221 |   3 |  953.0 |
         Sewer |    191 |    191 |      0 |      3 |    134 |   1 |  191.0 |
               +--------+--------+--------+--------+--------+-----+--------+

Top non-repeatable levels by time:
     D:1: 1338 daAuts
     D:2: 1161 daAuts
     D:3: 359 daAuts
   Sewer: 191 daAuts
